 Dungeon Crawl Stone Soup version 0.21-a0-440-g28109cb (webtiles) character file.

2140 gmonis the Cleaver (level 9, -11/71 HPs)
             Began as a Minotaur Fighter on Nov 11, 2017.
             Was a Believer of Trog.
             Mangled by an orc warrior
             ... wielding a +0 glaive
              (14 damage)
             ... on level 6 of the Dungeon.
             The game lasted 00:41:38 (6706 turns).

gmonis the Cleaver (Minotaur Fighter)               Turns: 6706, Time: 00:41:39

Health: -11/71     AC:  9    Str: 26    XL:     9   Next: 9%
Magic:  8/8        EV:  7    Int:  5    God:    Trog [**....]
Gold:   345        SH: 10    Dex: 10    Spells: 8/8 levels left

rFire    . . .     SeeInvis .   a - +0 war axe
rCold    . . .     Gourm    .   c - +0 shield
rNeg     . . .     Faith    +   b - +1 scale mail
rPois    +         Spirit   .   (helmet restricted)
rElec    .         Reflect  .   (no cloak)
rCorr    .         Harm     .   (no gloves)
MR       .....                  o - +0 pair of boots
Stlth    ..........             N - amulet of faith
HPRegen  0.21/turn              t - ring of poison resistance
MPRegen  0.11/turn              H - +2 ring of strength

@: no status effects
A: retaliatory headbutt, horns 2
a: Berserk, Trog's Hand, Burn Spellbooks, Renounce Religion


You were on level 6 of the Dungeon.
You worshipped Trog.
Trog was pleased with you.
You were not hungry.

You visited 2 branches of the dungeon, and saw 8 of its levels.

You collected 345 gold pieces.

Inventory:

Hand Weapons
 a - a +0 war axe (weapon)
Missiles
 l - 194 stones (quivered)
 I - 20 sling bullets
Armour
 b - a +1 scale mail (worn)
 c - a +0 shield (worn)
 o - a +0 pair of boots (worn)
Jewellery
 i - an uncursed ring of positive energy
 k - an uncursed ring of loudness
 p - an uncursed ring of fire
 t - a ring of poison resistance (left hand)
 v - an uncursed ring of protection from magic
 w - an uncursed ring of see invisible
 x - a +2 ring of intelligence
 H - a +2 ring of strength (right hand)
 N - an amulet of faith (around neck)
Wands
 D - a wand of confusion (19/48)
 J - a wand of disintegration (13/24)
 L - a wand of lightning (2/15)
 M - a wand of polymorph (1/24)
Scrolls
 h - 5 scrolls of remove curse
 m - a scroll of identify {unknown}
 q - 2 scrolls of enchant armour
 r - a scroll of magic mapping {unknown}
 s - 3 scrolls of fog
 u - a scroll of random uselessness {unknown}
 y - a scroll of noise {unknown}
 C - a scroll of recharging {unknown}
 F - 2 scrolls of enchant weapon {unknown}
 K - a scroll of teleportation {unknown}
Potions
 d - 4 potions of might
 e - a potion of invisibility {unknown}
 j - 3 potions of curing {unknown}
 n - a potion of ambrosia {unknown}
 A - a potion of heal wounds {unknown}
 B - a potion of degeneration {unknown}
 E - a potion of haste {unknown}
 G - 2 potions of lignification {unknown}
Comestibles
 f - 7 bread rations
 g - 2 royal jellies
 z - 3 meat rations


   Skills:
 - Level 3.9 Fighting
 + Level 13.7 Axes
 - Level 3.6 Armour
 - Level 4.0 Shields


You had 8 spell levels left.
You didn't know any spells.

Dungeon Overview and Level Annotations

Branches:
Dungeon (7/15)             Temple (1/1) D:5

Altars:
Ashenzari
Cheibriados
Dithmenos
Elyvilon
Fedhas
Gozag
Hepliaklqana
Kikubaaqudgha
Makhleb
Nemelex Xobeh
Qazlal
Sif Muna
Trog
Uskayaw
Vehumet
Xom
Zin
The Shining One


Innate Abilities, Weirdness & Mutations

You reflexively headbutt those who attack you in melee.
You have a pair of horns on your head.


Message History

The orc warrior barely misses you.
You closely miss the orc warrior. The orc warrior closely misses you.
You furiously retaliate!
You headbutt the orc warrior. You barely miss the orc warrior.
You headbutt the orc warrior.
The orc warrior is lightly wounded.
You slash the orc warrior! You headbutt the orc warrior.
The orc warrior is severely wounded.
You block the orc warrior's attack.
You closely miss the orc warrior.
You headbutt the orc warrior, but do no damage.
The orc warrior is severely wounded.
The orc warrior hits you with a glaive!!
* * * LOW HITPOINT WARNING * * *
You hit the orc warrior.
The orc warrior is almost dead.
You hit the orc warrior but do no damage.
You headbutt the orc warrior.
The orc warrior is almost dead.
The orc warrior hits you with a glaive!
You die...

.#≈..).# #.# #.#
##..##.# #.# #.#
#.###)# #)# #.#
#.##..# #)# #)#
##.....# ##[###.#
.......###.#.##.#
#####..##.###...##
#..#.## ##...#
#####.....###.##@#
....#.##.#.#[.##o#
##....##.##.#...[#
...#..##.######[>#
##...###.######..#
###.## #.#.p.....#
# #.# #.#.####.##
# #.# #...# #.# #
#.# ###.# #.#


You could see an orc warrior.

Vanquished Creatures
  Pikel (D:6)
  The ghost of p0werm0de the Chopper, an amateur GrCK of Xom (D:5)
  2 black bears
  An orc warrior (D:6)
  A phantom (D:7)
  An ice beast (D:5)
  An ogre (D:7)
  A bullfrog (D:7)
  2 scorpions
  3 crimson imps
  2 hounds
  4 orc priests
  A centaur skeleton (D:4)
  6 orc wizards
  Ijyb (D:5)
  Natasha (twice) (D:3)
  2 worker ants
  A hound skeleton (D:7)
  5 adders
  A shadow imp (D:6)
  An ooze (D:3)
  An adder skeleton (D:7)
  A dart slug (D:2)
  4 leopard geckos
  22 orcs
  2 ball pythons (D:2)
  10 bats
  3 giant cockroaches
  9 hobgoblins
  12 jackals
  6 kobolds
  2 quokkas (D:3)
  7 frilled lizards
  9 goblins
  5 rats
133 creatures vanquished.

Notes
Turn   | Place    | Note
-------+----------+-------------------------------------------
     0 | D:1      | gmonis the Minotaur Fighter began the quest for the Orb.
     0 | D:1      | Reached XP level 1. HP: 19/19 MP: 0/0
   249 | D:1      | Reached XP level 2. HP: 21/27 MP: 1/1
   395 | D:1      | Reached skill level 3 in Axes
   614 | D:1      | Reached XP level 3. HP: 24/33 MP: 2/2
  1441 | D:2      | Reached skill level 4 in Axes
  1810 | D:2      | Reached XP level 4. HP: 38/40 MP: 3/3
  2065 | D:2      | Found a glowing golden altar of the Shining One.
  2065 | D:2      | Found a bloodstained altar of Trog.
  2066 | D:2      | Found a shadowy altar of Dithmenos.
  2087 | D:2      | Became a worshipper of Trog the Wrathful
  2289 | D:3      | Reached skill level 5 in Axes
  2796 | D:3      | Found a shimmering altar of Xom.
  2888 | D:3      | Reached XP level 5. HP: 46/46 MP: 4/4
  3057 | D:3      | Noticed Natasha
  3065 | D:3      | Killed Natasha
  3065 | D:3      | Reached skill level 6 in Axes
  3139 | D:3      | Found an opulent altar of Gozag.
  3139 | D:3      | Found a hazy altar of Hepliaklqana.
  3191 | D:3      | Reached * piety under Trog
  3437 | D:3      | Noticed Natasha
  3453 | D:3      | Killed Natasha
  3655 | D:4      | Reached skill level 7 in Axes
  3658 | D:5      | Entered Level 5 of the Dungeon
  4100 | D:5      | Reached XP level 6. HP: 52/52 MP: 5/5
  4107 | D:5      | Found a radiant altar of Vehumet.
  4138 | D:5      | Noticed p0werm0de's ghost (amateur GrCK)
  4150 | D:5      | Killed p0werm0de's ghost
  4150 | D:5      | Reached skill level 8 in Axes
  4150 | D:5      | Found a burning altar of Makhleb.
  4430 | D:5      | Noticed an ice beast
  4440 | D:5      | Killed an ice beast
  4440 | D:5      | Reached skill level 9 in Axes
  4440 | D:5      | Reached XP level 7. HP: 58/58 MP: 6/6
  4857 | D:5      | Noticed Ijyb
  4863 | D:5      | Killed Ijyb
  4875 | D:5      | Found a staircase to the Ecumenical Temple.
  4885 | Temple   | Entered the Ecumenical Temple
  5220 | D:6      | Reached skill level 10 in Axes
  5591 | D:6      | Noticed Pikel
  5621 | D:6      | Killed Pikel
  5621 | D:6      | Reached skill level 12 in Axes
  5621 | D:6      | Reached XP level 8. HP: 43/66 MP: 7/7
  6016 | D:6      | Reached ** piety under Trog
  6120 | D:7      | Reached skill level 13 in Axes
  6134 | D:7      | Reached XP level 9. HP: 47/71 MP: 8/8
  6704 | D:6      | HP: 2/71 [orc warrior/glaive (18)]
  6706 | D:6      | Mangled by an orc warrior

Vault maps used:
D:1:      shiori_arrival_elements, hangedman_decor_riveting,
          minmay_tree_intersection
D:2:      gammafunk_temple_overflow_claw, minmay_ruptured
D:3:      xom_teletrap_fun, chequers_temple_overflow_statue_of_worship,
          minmay_misc_feat_encased, uniq_natasha
D:5:      vehumet_crystals, bloody_makhleb, minmay_temple_entry_trees,
          first_bread, uniq_ijyb
D:6:      moated_statue, uniq_pikel
D:7:      nicolae_ru_path_of_blood, trog_three_pillars_becter
Temple:   eino_temple_lava

Skill      XL: |  1  2  3  4  5  6  7  8 |
---------------+-------------------------+-----
Shields        | 4 |  4.0
Axes           | 3 4 5 7 9 12 13 | 13.7
Fighting       | |  3.9
Armour         | |  3.6

Action                   |  1- 3 |  4- 6 |  7- 9 || total
-------------------------+-------+-------+-------++-------
Melee: War axe           |   133 |   110 |   149 ||   392
       Headbutt          |    16 |    22 |    36 ||    74
Throw: Stone             |       |     8 |    43 ||    51
  Use: Scroll            |     1 |       |     2 ||     3
  Eat: Chunk             |     3 |     7 |     2 ||    12
       Bread ration      |       |     1 |     1 ||     2
Armor: Scale mail        |    90 |    41 |    41 ||   172
Dodge: Dodged            |    42 |    25 |    35 ||   102
Block: Shield            |    92 |    38 |    50 ||   180

Table legend:
 A = Spawn XP
 B = Non-spawn XP
 C = Spawn XP percentage of total XP
 D = Spawn monster count
 E = Non-spawn monster count
 F = Spawn count percentage of total count
 G = Total turns spent on level
                    A         B        C        D         E        F      G
               +---------+---------+-------+---------+---------+-------+---------
         Total |       0 |    3058 |   0.0 |       0 |     133 |   0.0 |  6706
               +---------+---------+-------+---------+---------+-------+---------
           D:1 |       0 |      48 |   0.0 |       0 |      28 |   0.0 |  1413
           D:2 |       0 |      64 |   0.0 |       0 |      22 |   0.0 |   764
           D:3 |       0 |     172 |   0.0 |       0 |      25 |   0.0 |  1327
           D:4 |       0 |      75 |   0.0 |       0 |      11 |   0.0 |   585
           D:5 |       0 |     577 |   0.0 |       0 |       8 |   0.0 |   919
           D:6 |       0 |    1362 |   0.0 |       0 |      26 |   0.0 |  1414
           D:7 |       0 |     760 |   0.0 |       0 |      13 |   0.0 |   244
               +---------+---------+-------+---------+---------+-------+---------
